Map: Odyssée EC

Players

StonePark

  • Race: Protoss Protoss
  • League: Gold
  • Spawn Location: 5:00

defer - Winner!

  • Race: Protoss Protoss
  • League: Diamond
  • Spawn Location: 11:00

VOD

Have the link to the VOD?

Description

Time

  • Played on: July 24, 2017, 3:29 p.m.
  • Length: 4:56
Show
View Real Time Build Order
Export as new Build Order

StonePark Protoss 

Build Orders: 1 Gate Expand 

Get SALT Encoding   

  12  0:01  Probe (Chrono Boost)  
  13  0:12  Probe (Chrono Boost)  
  14  0:20  Pylon  
  14  0:22  Probe (Chrono Boost)  
  15  0:38  Probe (Chrono Boost)  
  15  0:39  Gateway  
  16  0:49  Probe (Chrono Boost)  
  17  0:56  Gateway  
  17  1:02  Probe (Chrono Boost)  
  18  1:12  Probe (Chrono Boost), Assimilator  
  19  1:36  Nexus  
  19  1:44  Probe (Chrono Boost)  
  20  1:55  Pylon  
  20  1:56  Probe (Chrono Boost)  
  21  2:05  Cybernetics Core  
  21  2:09  Assimilator  
  21  2:11  Probe (Chrono Boost)  
  22  2:29  Probe (Chrono Boost)  
  23  2:30  Zealot x2  
  27  2:37  Gateway  
  27  2:42  Forge  
  27  2:57  Probe x2 (Chrono Boost)  
  29  3:04  Stalker  
  29  3:05  Stalker  
  33  3:17  Twilight Council  
  33  3:18  Probe x2 (Chrono Boost)  
  34  3:34  Stalker  
  34  3:43  Photon Cannon  
  28  4:13  Pylon  
  28  4:14  Photon Cannon  
  24  4:17  Pylon  
Show
View Real Time Build Order
Export as new Build Order

defer Protoss - Winner!

Build Orders:  

Get SALT Encoding   

  12  0:11  Pylon  
  12  0:14  Probe (Chrono Boost)  
  13  0:24  Probe (Chrono Boost)  
  14  0:32  Gateway  
  14  0:35  Probe (Chrono Boost)  
  15  0:43  Assimilator  
  15  0:46  Probe (Chrono Boost)  
  16  0:52  Assimilator  
  16  0:58  Probe (Chrono Boost)  
  17  1:08  Probe (Chrono Boost)  
  18  1:19  Probe (Chrono Boost)  
  18  1:21  Cybernetics Core  
  19  1:26  Pylon  
  19  1:29  Probe (Chrono Boost)  
  21  1:40  Probe (Chrono Boost)  
  21  1:58  Stalker (Chrono Boost)  
  21  1:59  Robotics Facility  
  23  2:09  Gateway  
  23  2:14  Warp Gate  
  23  2:24  Stalker (Chrono Boost)  
  25  2:46  Immortal (Chrono Boost)  
  29  2:51  Pylon  
  29  2:58  Stalker (Chrono Boost)  
  31  3:21  Immortal  
  35  3:31  Stalker (Chrono Boost)  
  33  4:00  Immortal  
  37  4:39  Stalker  
Tags
 
Matchup
PvP
Spawn Locations
Cross Positions
Add a new tag
Caveats
  • Supply blocks, unpowered buildings, or Contaminate may cause inaccurate times.
  • Supply counts are checked every 10 seconds.